 Dungeon Crawl Stone Soup version 0.16-a0-421-gd787d97 (webtiles) character file.

23 Kashira the Scratcher (level 2, 0/12 HPs)
             Began as a Felid Transmuter on Sept 15, 2014.
             Slain by an adder (4 damage)
             ... on Level 2 of the Dungeon.
             The game lasted 00:03:37 (1011 turns).

Kashira the Scratcher (Felid Transmuter)            Turns: 1011, Time: 00:03:37

HP   0/12        AC  1     Str  6      XL: 2   Next: 72%
MP   1/6         EV 18     Int 14      God:
Gold 72          SH  0     Dex 16      Spells:  2 memorised,  3 levels left
Lives: 0, deaths: 0

rFire  . . .     SeeInvis +       - Unarmed
rCold  . . .     Clarity  .     (armour unavailable)
rNeg   . . .     rCorr    .     (shield unavailable)
rPois  .         rRot     .     (helmet unavailable)
rElec  .         Spirit   .     (cloak unavailable)
SustAb .         Warding  .     (gloves unavailable)
rMut   .         Stasis   .     (boots unavailable)
Gourm  .                        k - amulet of rage
MR     .....                    (no ring)
                                e - cursed ring of loudness

@: appendage (expiring), quick, not resistant to hostile enchantments, very
unstealthy
A: paw claws, no armour, no weapons or thrown items, fangs 3, horns 2, see
invisible, carnivore 3, speed 1, shaggy fur 1, slow metabolism 1, jump 1
a: Jump Attack, End Transformation, Evoke Berserk Rage


You were on level 2 of the Dungeon.
You were hungry.
You had grown temporary horns.
You visited 1 branch of the dungeon, and saw 2 of its levels.

You collected 72 gold pieces.

Inventory:

Missiles
 b - 24 arrows
Comestibles
 a - 2 meat rations
Scrolls
 g - 2 scrolls of identify {unknown}
 h - a scroll of enchant weapon {unknown}
Jewellery
 c - an uncursed ring of sustain abilities {unknown}
 e - a cursed ring of loudness (left paw)
 k - an amulet of rage (around neck)
Potions
 f - a potion of beneficial mutation {unknown}
 i - a potion of cure mutation {unknown}
 j - a potion of heal wounds {unknown}
Books
 d - a book of Changes

   Spells                             Type                      Level
   *Beastly Appendage                 Transmutation                1
   *Sticks to Snakes                  Transmutation                2
   Spider Form                        Transmutation/Poison         3
   Ice Form                           Ice/Transmutation            4
   Blade Hands                        Transmutation                5


   Skills:
 + Level 1.0 Fighting
 + Level 2.9 Dodging
 + Level 3.3 Unarmed Combat
 + Level 2.5 Spellcasting
 + Level 2.5 Transmutations


You had 3 spell levels left.
You knew the following spells:

 Your Spells              Type           Power        Failure   Level  Hunger
a - Beastly Appendage     Trmt           #.....       10%         1    #......
b - Sticks to Snakes      Trmt           #.........   14%         2    ##.....


Dungeon Overview and Level Annotations

Branches:
Dungeon (2/15)

Altars:


Innate Abilities, Weirdness & Mutations

You cannot wear armour.
You are incapable of wielding weapons or throwing items.
Your paws have sharp claws.
You have razor-sharp teeth.
You have supernaturally acute eyesight.
You are carnivorous and can eat meat at any time.
You cover ground quickly.
You are covered in fur (AC +1).
You have a slow metabolism.
You can jump attack at a short distance.
You have a pair of horns on your head.


Message History

You kill the kobold!
You barely miss the adder. Your headbutt misses the adder.
The adder is lightly wounded.
Your transformation is almost over.
The adder closely misses you. The adder barely misses you.
You scratch the adder.
The adder begins to bleed from its wounds!
The adder is heavily wounded.
The adder barely misses you.
You scratch the adder.
The adder is severely wounded.
The adder bites you.
You scratch the adder. Your headbutt misses the adder.
The adder is severely wounded.
The adder bites you.
You closely miss the adder.
You headbutt the adder, but do no damage.
The adder is severely wounded.
The adder barely misses you. The adder bites you.
You die...

### .# ... # .# ... #
########.# ...
####........# #.#
........##..# #.#######
####.##.##..# #.#...... #
#.##.....# ####......## #
#.#####.#######w......#....
# #.......###..@SK........#
# ########....###.##.#..#.#
#.#### #%##......# #.#
#.##.#....# #.# #.%.....#.#
#.# ####.#### .. #.#
#.....# ... #.....# #.#
#.....#


You could see a worm, an adder (bleeding) and a kobold.

Vanquished Creatures
  2 bats
  A giant cockroach (D:1)
  2 goblins (D:1)
  3 kobolds
  2 ball pythons
  A giant newt (D:1)
  A rat (D:2)
12 creatures vanquished.

Vanquished Creatures (collateral kills)
  An adder (D:2)
  6 giant newts (D:2)
  A goblin (D:2)
  A rat (D:2)
9 creatures vanquished.

Grand Total: 21 creatures vanquished

Notes
Turn   | Place    | Note
--------------------------------------------------------------
     0 | D:1      | Kashira, the Felid Transmuter, began the quest for the Orb.
     0 | D:1      | Reached XP level 1. HP: 9/9 MP: 4/4
   662 | D:1      | Reached XP level 2. HP: 12/12 MP: 5/5
   666 | D:1      | Learned a level 2 spell: Sticks to Snakes
  1011 | D:2      | Slain by an adder

Action                   || total
-------------------------++-------
Melee: Unarmed           ||    28
 Cast: Beastly Appendage ||    10
       Sticks to Snakes  ||     5
 Abil: Jump Attack       ||     6
